AoeStats
← Belgianwafflelegend69

Highland

503803130Analyzed
4v4 RM · 1mo ago on Sep 2, 2026· 41m 55s· 8 players
Game mode
Random Map
Map size
Large (8 player)
Population
200
Speed
Normal
Resources
Standard
Victory
Conquest
Starting age
Dark Age
Ending age
Imperial Age
RankedLock teamsTeams togetherTeam positionsShared explorationLock speedFull tech treeHidden civsTurbo modeCheats
Victory
Defeat
🇯🇵 Gurjaras · Japan
1107
+14
🇨🇳 Teutons · China
1107
+14
🇨🇳 Saracens · China
1002
+19
🇨🇳 Franks · China
992
+19
🇪🇸 Vikings · Spain
1108
-19
🇩🇪 Khmer · Germany
1076
-17
🇧🇪 Cumans · Belgium
1050
-16
🇫🇮 Chinese · Finland
1032
-15
Belgianwafflelegend69
2:12 Loom
10:20 Feudal Age
12:52 Wheelbarrow
13:22 Double-Bit Axe
13:24 Horse Collar
14:21 Town Watch
21:18 Gold Mining
24:25 Castle Age
23:48 Bloodlines
24:57 Forging
24:53 Scale Barding Armor
25:10 Town Patrol
25:25 Bow Saw
25:55 Gold Shaft Mining
24:52 Pikeman
28:39 Heavy Plow
31:45 Iron Casting
32:39 Hand Cart
32:59 Chain Barding Armor
33:20 Stone Mining
35:53 Fletching
36:04 Padded Archer Armor
36:58 Thumb Ring
37:42 Bodkin Arrow
41:09 Imperial Age
40:22 Leather Archer Armor
41:07 Ballistics
41:13 Heavy Cavalry Archer
42:19 Parthian Tactics
43:11 Chemistry
Jota
13:51 Feudal Age
18:32 Castle Age
16:33 Double-Bit Axe
17:52 Horse Collar
19:54 Bow Saw
21:12 Loom
27:20 Scale Mail Armor
27:41 Chieftains
27:54 Forging
27:49 Gold Mining
28:29 Chain Mail Armor
30:11 Iron Casting
29:56 Stone Mining
30:11 Fishing Lines
31:06 Squires
30:52 Gambesons
30:52 Arson
35:00 Imperial Age
33:45 Fletching
34:23 Bodkin Arrow
36:48 Blast Furnace
35:39 Elite Berserk
36:57 Plate Mail Armor
37:28 Conscription
38:03 Bracer
39:42 Chemistry
2026
7:33 Loom
12:47 Feudal Age
17:24 Castle Age
24:11 Double-Bit Axe
24:13 Horse Collar
24:27 Gold Mining
25:59 Bow Saw
25:56 Heavy Plow
31:56 Imperial Age
33:28 Heavy Scorpion
36:29 Siege Engineers
37:37 Double Crossbow
PaidatonPillastuja
0:34 Loom
11:43 Feudal Age
13:21 Double-Bit Axe
13:18 Horse Collar
16:37 Fletching
168kcal
5:23 Loom
10:25 Feudal Age
11:13 Double-Bit Axe
12:56 Wheelbarrow
12:14 Gold Mining
23:44 Castle Age
23:21 Horse Collar
23:38 Stone Mining
29:15 Scale Mail Armor
29:26 Forging
30:11 Bow Saw
30:16 Heavy Plow
31:54 Iron Casting
31:35 Chain Mail Armor
33:00 Kshatriyas
36:13 Imperial Age
35:08 Town Watch
35:39 Hand Cart
36:07 Treadmill Crane
37:16 Conscription
36:27 Elite Chakram Thrower
38:54 Chemistry
38:05 Masonry
39:40 Bloodlines
39:31 Husbandry
40:05 Plate Mail Armor
39:43 Siege Elephant
42:17 Crop Rotation
42:23 Gold Shaft Mining
aaa916_
7:19 Loom
7:41 Loom
10:35 Feudal Age
16:38 Castle Age
16:12 Double-Bit Axe
22:58 Wheelbarrow
24:05 Husbandry
23:53 Town Watch
24:01 Gold Mining
24:03 Stone Mining
27:55 Bow Saw
28:50 Scale Barding Armor
28:56 Forging
29:44 Gold Shaft Mining
30:14 Chain Barding Armor
31:32 Hand Cart
32:10 Iron Casting
36:22 Imperial Age
33:57 Town Patrol
37:20 Ballistics
37:09 Chivalry
37:31 Conscription
37:46 Hoardings
36:36 Cavalier
37:54 Plate Barding Armor
38:20 Blast Furnace
39:18 Chemistry
38:04 Arrowslits
39:39 Paladin
wuyu
5:50 Loom
12:39 Feudal Age
17:02 Castle Age
15:36 Double-Bit Axe
16:39 Horse Collar
20:19 Wheelbarrow
24:29 Stone Mining
31:13 Scale Barding Armor
31:19 Forging
32:07 Hand Cart
33:10 Town Watch
33:47 Chain Barding Armor
34:22 Gold Mining
35:10 Iron Casting
37:34 Imperial Age
36:02 Bloodlines
35:53 Husbandry
37:55 Bimaristan
38:48 Gold Shaft Mining
39:06 Conscription
39:21 Fletching
40:32 Blast Furnace
40:08 Plate Barding Armor
宇先生
4:06 Loom
10:49 Feudal Age
16:25 Castle Age
15:05 Double-Bit Axe
15:52 Horse Collar
16:20 Gold Mining
23:02 Wheelbarrow
22:13 Town Watch
22:42 Heavy Plow
24:28 Stone Mining
30:43 Imperial Age
28:28 Bloodlines
29:21 Scale Barding Armor
29:27 Forging
29:47 Hand Cart
29:47 Bow Saw
29:47 Town Patrol
31:17 Cavalier
32:32 Chain Barding Armor
32:49 Iron Casting
32:54 Conscription
35:22 Paladin
37:39 Blast Furnace
36:32 Fletching
36:42 Padded Archer Armor
40:07 Two-Man Saw
39:39 Crop Rotation
39:47 Plate Barding Armor
40:28 Bodkin Arrow
40:51 Leather Archer Armor
40:48 Pikeman
41:29 Squires
41:14 Arson
42:42 Chemistry
41:56 Masonry
42:15 Ballistics
Connection lost

Rejoining the realm…

Still unreachable

The connection could not be restored.

Session expired

The server has moved on; the page needs a fresh start.